 Dungeon Crawl Stone Soup version 0.19.0-24-gb05acd6 (console) character file.

37647 Kloppie the Phalangite (level 13, -2/107 HPs)
             Began as a Merfolk Berserker on Nov 22, 2016.
             Was a High Priest of Trog.
             Slain by an orc knight
             ... wielding a +1 halberd of flaming
              (20 damage)
             ... on level 1 of the Orcish Mines.
             The game lasted 00:27:30 (16871 turns).

Kloppie the Phalangite (Merfolk Berserker)         Turns: 16871, Time: 00:27:31

Health: -2/107     AC: 16    Str: 17    XL:     13   Next: 98%
Magic:  13/13      EV: 18    Int: 10    God:    Trog [*****.]
Gold:   1186       SH:  0    Dex: 17    Spells: 0 memorised, 12 levels left

rFire  . . .     SeeInvis .     a - +7 glaive (chop)
rCold  + . .     Gourm    .     k - +3 ring mail
rNeg   . . .     Faith    +     (shield currently unavailable)
rPois  +         Spirit   .     j - +1 helmet of Eqaoju {rCorr Int+2}
rElec  .         Reflect  .     I - +1 cloak
rCorr  +         Harm     .     w - +1 pair of gloves
MR     ++...                    (no boots)
Stlth  +.........               N - amulet of faith
                                F - ring of poison resistance
                                y - ring of protection from cold

@: regenerating
A: change form in water, swift swim, stealthy swim, iridescent scales 1
a: Berserk, Trog's Hand, Brothers in Arms, Burn Spellbooks, Renounce Religion


You were on level 1 of the Orcish Mines.
You worshipped Trog.
Trog was extremely pleased with you.
You were not hungry.

You visited 3 branches of the dungeon, and saw 18 of its levels.
You also visited: Ice Cave.

You collected 1208 gold pieces.
You spent 22 gold pieces at shops.

Inventory:

Hand Weapons
 a - a +7 glaive of chopping (weapon)
 b - a +6 trident of venom
Armour
 j - the +1 helmet of Eqaoju (worn) {rCorr Int+2}
   (You found it on level 10 of the Dungeon)

   It affects your intelligence (+2).
   It protects you from acid and corrosion.
 k - a +3 ring mail (worn)
 w - a +1 pair of gloves (worn)
 I - a +1 cloak (worn)
Jewellery
 o - an uncursed amulet of the gourmand
 r - an uncursed ring of ice
 y - a ring of protection from cold (left hand)
 F - a ring of poison resistance (right hand)
 N - an amulet of faith (around neck)
Wands
 s - a wand of digging (13/24)
 A - a wand of digging (7/24)
Scrolls
 e - 7 scrolls of remove curse
 l - 3 scrolls of recharging
 p - 4 scrolls of enchant weapon
 q - a scroll of identify
 v - a scroll of fog
 z - 3 scrolls of teleportation
 B - 3 scrolls of magic mapping
 H - a scroll of blinking
Potions
 d - a potion of heal wounds
 f - 3 potions of haste
 h - 2 potions of cancellation
 n - 4 potions of resistance
 u - 4 potions of flight
 x - a potion of curing
 E - a potion of magic
 J - a potion of invisibility
 Q - 2 potions of agility
Comestibles
 c - 11 bread rations
 g - 6 meat rations
 i - 3 slices of pizza
 m - 4 beef jerkies
 t - a royal jelly
 C - 16 chunks of flesh
 D - 9 fruits


   Skills:
 + Level 11.9 Fighting
 * Level 24.2 Polearms
 - Level 1.3 Armour
 - Level 11.3 Dodging


You had 12 spell levels left.
You didn't know any spells.

Dungeon Overview and Level Annotations

Branches:
Dungeon (11/15)            Temple (0/1) D:6            Lair (5/6) D:11
 Shoals (0/4) Lair:2        Snake (0/4) Lair:2        Slime (0/5) Lair:5
    Orc (2/2) D:11
    Elf: Orc:2

Altars:
Elyvilon
Gozag
Jiyva

Shops:
D:6 =   Orc:2 [


Innate Abilities, Weirdness & Mutations

You revert to your normal form in water.
You are very nimble and swift while swimming.
You are very stealthy in the water. (Stealth+)
You are partially covered in iridescent scales. (AC +2)


Message History

The orc knight closely misses you.
The orc warrior completely misses you. x2
The orc warrior hits you with a hand axe!
* * * LOW HITPOINT WARNING * * *
You climb upwards.
There is a stone staircase leading down, spattered with blood here.
The orc warrior hits you but does no damage.
The orc knight hits you from afar with a halberd of flaming.
* * * LOW HITPOINT WARNING * * *
The orc knight burns you.
* * * LOW HITPOINT WARNING * * *
Your skin crawls.
You feel resistant to hostile enchantments.
You feel somewhat more hungry.
The orc warrior hits you with a hand axe!
* * * LOW HITPOINT WARNING * * *
The orc warrior hits you but does no damage.
The orc warrior closely misses you. The orc knight barely misses you.
The orc warrior closely misses you.
The orc knight hits you from afar with a halberd of flaming!!
You die...

#...##...........#..##
##...................#
##...............#..##
#...........[)....###
##..........[.......#
#...#......(........#
##........[.(.......###
#.........[.o.........##
####.........o>o@.........#
.##...........oo.......#.##
...................#...###
..................###..#.##
##.##..........#...##.....#
#####.#......#.....##.#.####
##.#...........#####.##.##
#............### #......#
##.#.........#### ##.#..##


You could see an orc knight and 4 orc warriors.

Vanquished Creatures
  The ghost of Kloppie the Phalangite, a journeyman MfBe of Trog (Lair:4)
  A hydra (Lair:5)
  Erica (Lair:1)
  A death knight (D:11)
  10 death yaks
  The ghost of Tyryt0 the Cleaver, a novice DgFi (D:10)
  A wizard (D:11)
  A phantasmal warrior (D:11)
  2 hill giants
  3 ugly things
  A manticore (Lair:2)
  A cyclops (Orc:1)
  6 elephants (Lair:4)
  2 black mambas
  6 spiny frogs
  3 ice statues (IceCv)
  3 komodo dragons
  A freezing wraith (D:11)
  4 rime drakes
  A hornet (D:10)
  7 blink frogs
  7 hippogriffs
  5 dream sheep (Lair:3)
  2 vampires (D:11)
  22 yaks
  5 wyverns
  A spriggan (D:8)
  4 nagas (Lair:2)
  10 water moccasins
  6 ice beasts (IceCv)
  8 orc warriors
  3 porcupines
  A swamp drake (D:11)
  A sky beast (D:7)
  6 ogres
  3 crocodiles
  2 centaurs
  Blork the orc (D:6)
  16 bullfrogs
  3 gnoll sergeants
  2 wyvern skeletons
  2 scorpions
  17 killer bees
  9 wights
  An electric eel (Lair:3)
  3 howler monkeys (D:8)
  A lava snake (Lair:3)
  6 crimson imps
  A bullfrog zombie (D:10)
  4 hounds
  2 jellies
  3 centaur skeletons
  5 orc priests
  4 bullfrog skeletons
  9 orc wizards
  2 iguanas
  Natasha (thrice) (D:3)
  6 worker ants
  3 hound zombies
  2 hound skeletons
  A howler monkey zombie (D:4)
  A worker ant zombie (D:5)
  Robin (D:3)
  12 gnolls
  15 adders
  A shadow imp (D:9)
  An ooze (D:2)
  2 adder skeletons (D:4)
  A worm (D:3)
  A dart slug (D:1)
  2 leopard geckos (D:3)
  30 orcs
  3 ball pythons
  4 giant cockroaches
  11 goblins
  16 hobgoblins
  14 jackals
  9 quokkas
  7 bats
  5 frilled lizards
  A giant cockroach zombie (D:4)
  A jackal zombie (D:4)
  7 kobolds
  2 leopard gecko zombies
  6 rats
402 creatures vanquished.

Vanquished Creatures (others)
  A fungus (Lair:5)
1 creature vanquished.

Grand Total: 403 creatures vanquished

Notes
Turn   | Place    | Note
-------+----------+-------------------------------------------
     0 | D:1      | Kloppie the Merfolk Berserker began the quest for the Orb.
     0 | D:1      | Reached XP level 1. HP: 18/18 MP: 1/1
   110 | D:1      | Reached XP level 2. HP: 15/24 MP: 2/2
   126 | D:1      | Reached skill level 5 in Polearms
   539 | D:1      | Reached XP level 3. HP: 26/29 MP: 3/3
   659 | D:1      | Reached ** piety under Trog
  1146 | D:1      | Reached skill level 6 in Polearms
  1528 | D:2      | Reached XP level 4. HP: 37/37 MP: 4/4
  2058 | D:3      | Reached skill level 7 in Polearms
  2386 | D:3      | Noticed Natasha
  2390 | D:3      | Killed Natasha
  2390 | D:3      | Reached XP level 5. HP: 42/42 MP: 5/5
  2430 | D:3      | Found a faded altar of an unknown god.
  2531 | D:3      | Noticed Robin
  2548 | D:3      | Killed Robin
  2832 | D:3      | Reached skill level 8 in Polearms
  2873 | D:3      | Reached *** piety under Trog
  2903 | D:3      | Reached XP level 6. HP: 46/49 MP: 6/6
  3114 | D:3      | Noticed Natasha
  3127 | D:3      | Killed Natasha
  3353 | D:3      | Noticed Natasha
  3367 | D:3      | Killed Natasha
  3367 | D:3      | Reached skill level 9 in Polearms
  3561 | D:4      | Reached skill level 5 in Fighting
  3750 | D:4      | Reached XP level 7. HP: 50/56 MP: 7/7
  3859 | D:4      | Found an opulent altar of Gozag.
  3910 | D:4      | Reached skill level 10 in Polearms
  3912 | D:4      | Received a gift from Trog
  4020 | D:5      | Entered Level 5 of the Dungeon
  4654 | D:6      | Reached skill level 11 in Polearms
  4672 | D:6      | Found a staircase to the Ecumenical Temple.
  4690 | D:6      | Reached XP level 8. HP: 32/64 MP: 8/8
  4822 | D:6      | Found Zearpheikh's Jewellery Emporium.
  4832 | D:6      | Bought a cursed -3 ring of strength for 22 gold pieces
  4912 | D:6      | Noticed Blork the orc
  4933 | D:6      | Killed Blork the orc
  5369 | D:7      | Reached skill level 12 in Polearms
  5557 | D:7      | Reached **** piety under Trog
  5893 | D:7      | Noticed a hippogriff
  5905 | D:7      | Killed a hippogriff
  5905 | D:7      | Reached skill level 13 in Polearms
  5905 | D:7      | Reached skill level 5 in Dodging
  6125 | D:8      | Reached XP level 9. HP: 67/69 MP: 9/9
  6296 | D:8      | Received a gift from Trog
  6323 | D:8      | Reached skill level 14 in Polearms
  7494 | D:9      | Reached skill level 15 in Polearms
  7971 | D:9      | Reached XP level 10. HP: 80/80 MP: 10/10
  7978 | D:9      | Reached ***** piety under Trog
  8306 | D:10     | Entered Level 10 of the Dungeon
  8328 | D:10     | Reached skill level 16 in Polearms
  8348 | D:10     | Got a translucent helmet
  8359 | D:10     | Identified the +1 helmet of Eqaoju {rCorr Int+2} (You found it on level 10 of the Dungeon)
  8381 | D:10     | Noticed Tyryt0's ghost (novice DgFi)
  8397 | D:10     | Killed Tyryt0's ghost
  9131 | D:10     | Noticed a hill giant
  9142 | D:10     | Killed a hill giant
  9142 | D:10     | Reached skill level 17 in Polearms
  9384 | D:10     | Noticed a green ugly thing
  9398 | D:10     | Killed a green ugly thing
  9488 | D:10     | Reached skill level 18 in Polearms
  9488 | D:10     | Reached XP level 11. HP: 16/89 MP: 11/11
  9931 | D:11     | Found a staircase to the Lair.
 10257 | D:11     | Noticed a hill giant
 10269 | D:11     | Killed a hill giant
 10348 | D:11     | HP: 5/135 [something (5)]
 10354 | D:11     | HP: 3/135 [vampire (6)]
 10695 | D:11     | Received a gift from Trog
 10725 | D:11     | Noticed a wizard
 10734 | D:11     | Killed a wizard
 10734 | D:11     | Reached skill level 19 in Polearms
 11143 | D:11     | Received a gift from Trog
 11149 | D:11     | Found a staircase to the Orcish Mines.
 11339 | D:11     | Got a ruby-encrusted ring mail
 11393 | D:11     | Identified the cursed +1 ring mail "Sugiseh" {Int+3 Dex+6} (You found it on level 11 of the Dungeon)
 11430 | Lair:1   | Entered Level 1 of the Lair of Beasts
 11456 | Lair:1   | Gained mutation: You are partially covered in iridescent scales. (AC +2) [potion of beneficial mutation]
 11528 | Lair:1   | Noticed Erica
 11543 | Lair:1   | Killed Erica
 12150 | Lair:1   | Reached skill level 20 in Polearms
 12447 | Lair:2   | Reached XP level 12. HP: 89/97 MP: 12/12
 12571 | Lair:2   | Found a staircase to the Snake Pit.
 12765 | Lair:2   | Found a staircase to the Shoals.
 12999 | Lair:2   | Reached skill level 10 in Dodging
 13223 | Lair:3   | Reached skill level 21 in Polearms
 13928 | Lair:4   | Found a frozen archway.
 13953 | IceCv    | Entered an ice cave
 14067 | IceCv    | Received a gift from Trog
 14116 | IceCv    | Got a crude steel amulet
 14177 | Lair:4   | Identified the amulet of Elitism {Inacc rN++ Str-4 Dex+4} (You found it in an ice cave)
 14201 | Lair:4   | Noticed Kloppie's ghost (journeyman MfBe)
 14215 | Lair:4   | Killed Kloppie's ghost
 14215 | Lair:4   | Reached skill level 22 in Polearms
 14462 | Lair:4   | Reached skill level 10 in Fighting
 14631 | Lair:4   | Reached XP level 13. HP: 71/103 MP: 13/13
 15144 | Lair:4   | Reached skill level 23 in Polearms
 16119 | Lair:5   | Found a white marble altar of Elyvilon.
 16362 | Lair:5   | Received a gift from Trog
 16384 | Lair:5   | Found a staircase to the Slime Pits.
 16384 | Lair:5   | Found a viscous altar of Jiyva.
 16598 | D:11     | Reached skill level 24 in Polearms
 16668 | Orc:1    | Entered Level 1 of the Orcish Mines
 16840 | Orc:2    | Entered Level 2 of the Orcish Mines
 16843 | Orc:2    | Found Irump's Antique Armour Emporium.
 16871 | Orc:1    | Slain by an orc knight

Skill      XL: |  1  2  3  4  5  6  7  8  9 10 11 12 13 |
---------------+----------------------------------------+-----
Polearms       | 5 6 7 8 9 11 13 15 18 20 22 24 | 24.2
Fighting       | 4 5 6 7 9 10 11 | 11.9
Dodging        | 5 6 9 11 | 11.3
Armour         | |  1.3

Action                   |  1- 3 |  4- 6 |  7- 9 | 10-12 | 13-15 || total
-------------------------+-------+-------+-------+-------+-------++-------
Melee: Spear             |   155 |   304 |   239 |       |       ||   698
       Trident           |       |       |   128 |       |     4 ||   132
       Halberd           |       |       |   159 |   730 |       ||   889
       Glaive            |       |       |       |    52 |   191 ||   243
Invok: Berserk           |     2 |     4 |     4 |     5 |     3 ||    18
       Trog's Hand       |       |       |     2 |     5 |     3 ||    10
Evoke: Wand              |       |       |       |       |     1 ||     1
  Use: Scroll            |     3 |     7 |    10 |    17 |     6 ||    43
       Potion            |       |       |       |     2 |     2 ||     4
 Stab: Sleeping          |     2 |     2 |     6 |     1 |       ||    11
       Distracted        |       |       |       |     2 |       ||     2
  Eat: Chunk             |     3 |     8 |    15 |    26 |    10 ||    62
       Meat ration       |       |     1 |       |       |       ||     1
       Royal jelly       |       |       |     1 |     1 |     1 ||     3
Armor: Animal skin       |    15 |       |       |    68 |     2 ||    85
       Robe              |     2 |     2 |    42 |    40 |       ||    86
       Ring mail         |       |    51 |    40 |       |    37 ||   128
Dodge: Dodged            |    67 |   116 |   207 |   505 |   130 ||  1025
